 Dungeon Crawl Stone Soup version 0.19-a0-1821-g42c593c (webtiles) character file.

923 Gamora the Changer (level 7, -1/46 HPs)
             Began as a Purple Draconian Transmuter on Oct 6, 2016.
             Was an Initiate of Hepliaklqana.
             Slain by a wyvern zombie (5 damage)
             ... on level 6 of the Dungeon.
             The game lasted 00:19:40 (6457 turns).

Gamora the Changer (Purple Draconian Transmuter)    Turns: 6457, Time: 00:19:41

Health: -1/46      AC: 12    Str: 12    XL:     7   Next: 84%
Magic:  10/10      EV: 12    Int: 15    God:    Hepliaklqana [......]
Gold:   184        SH:  0    Dex: 12    Spells: 2 memorised, 6 levels left

rFire  . . .     SeeInvis .       - Unarmed
rCold  . . .     Gourm    .     (armour unavailable)
rNeg   . . .     Faith    .     (no shield)
rPois  .         Spirit   .     (helmet restricted)
rElec  .         Dismiss  .     s - +2 cloak
rCorr  .         Reflect  .     n - +2 pair of gloves
MR     +....     Harm     .     (boots currently unavailable)
Stlth  +.........               (no amulet)
                                (no ring)
                                (no ring)

@: appendage
A: breathe power, unfitting armour, reduced essence, talons 3, cold-blooded, AC
+6
a: Breathe Dispelling Energy, End Transformation, Recall Ancestor, Ancestor
Identity, Renounce Religion


You were on level 6 of the Dungeon.
You worshipped Hepliaklqana.
Hepliaklqana was noncommittal.
You were near starving.
You had grown temporary talons.
You visited 2 branches of the dungeon, and saw 7 of its levels.

You collected 184 gold pieces.

Inventory:

Missiles
 a - 3 javelins (quivered)
 q - 11 poisoned needles
Armour
 n - a +2 pair of gloves (worn)
 s - a +2 cloak (worn)
Jewellery
 t - an uncursed ring of fire
Wands
 u - a wand of iceblast (9/15)
Scrolls
 d - a scroll of identify
 g - a scroll of recharging
 j - a scroll of teleportation
 o - 2 scrolls of remove curse
Potions
 e - a potion of lignification
 h - a potion of brilliance
 p - 2 potions of flight
 r - a potion of heal wounds
 v - a potion of cancellation
Books
 b - a book of Changes

   Spells                             Type                      Level
   a - Beastly Appendage              Transmutation                1
   b - Sticks to Snakes               Transmutation                2
   c - Spider Form                    Transmutation/Poison         3
   d - Ice Form                       Ice/Transmutation            4
   e - Blade Hands                    Transmutation                5
Comestibles
 c - 4 bread rations
 f - 3 fruits
 i - 2 beef jerkies
 k - a meat ration


   Skills:
 - Level 1.1 Fighting
 - Level 1.7 Dodging
 + Level 6.7 Unarmed Combat
 - Level 2.4 Spellcasting
 + Level 6.9 Transmutations


You had 6 spell levels left.
You knew the following spells:

 Your Spells              Type           Power        Failure   Level  Hunger
a - Beastly Appendage     Tmut           ###...       1%          1    #......
c - Spider Form           Tmut/Pois      ##........   17%         3    ###....


Dungeon Overview and Level Annotations

Branches:
Dungeon (6/15)             Temple (1/1) D:4

Altars:
Ashenzari
Cheibriados
Dithmenos
Elyvilon
Gozag
Hepliaklqana
Kikubaaqudgha
Makhleb
Nemelex Xobeh
Okawaru
Ru
Sif Muna
Trog
Uskayaw
Vehumet
Xom
Yredelemnul

Annotations:
D:3 Raykoid666's ghost, amateur DsWn
D:4 exclusion: upstairs
D:5 exclusion: upstairs


Innate Abilities, Weirdness & Mutations

You can breathe bolts of dispelling energy.
Your rich purple scales are hard. (AC +6)
You cannot fit into any form of body armour.
You are cold-blooded and may be slowed by cold attacks.
Your life essence is reduced. (-10% HP)
You have claws for feet.


Message History

The wyvern zombie bites you but does no damage.
You punch the wyvern zombie! You claw the wyvern zombie.
The wyvern zombie is severely damaged.
The wyvern zombie bites you.
You hit the wyvern zombie.
You claw the wyvern zombie, but do no damage.
Your tail-slap misses the wyvern zombie.
The wyvern zombie is severely damaged.
The wyvern zombie bites you.
You hit the wyvern zombie.
The wyvern zombie is severely damaged.
The wyvern zombie bites you!
* * * LOW HITPOINT WARNING * * *
You barely miss the wyvern zombie.
The wyvern zombie is severely damaged.
The wyvern zombie barely misses you.
You barely miss the wyvern zombie.
The wyvern zombie is severely damaged.
The wyvern zombie bites you.
You die...

#..## # #...#
#.#...#
###.#...#
.........
#.....# #...#
#.Z@#
.####...#
........# #
#.##..#..#
#.#.....#..#
#.#####.#..#
###..........#
#....<###.##.#
#.##### #.##.#


You could see a wyvern zombie.

Vanquished Creatures
  Purgy (D:3)
  A phantom (D:5)
  An ogre (D:5)
  A big kobold (D:4)
  A crimson imp (D:5)
  A hound (D:5)
  An orc priest (D:3)
  An orc wizard (D:4)
  Crazy Yiuf (D:3)
  Natasha (thrice) (D:3)
  Ijyb (D:3)
  A worker ant (D:4)
  2 killer bee zombies (D:5)
  Robin (D:2)
  11 adders
  A shadow imp (D:5)
  2 worms (D:2)
  3 dart slugs
  3 leopard geckos
  9 orcs
  10 bats
  4 giant cockroaches
  15 goblins
  11 hobgoblins
  12 jackals
  9 kobolds
  2 quokkas
  2 ball pythons (D:3)
  7 frilled lizards
  A leopard gecko skeleton (D:4)
  4 rats
123 creatures vanquished.

Vanquished Creatures (collateral kills)
  A scorpion (D:4)
1 creature vanquished.

Vanquished Creatures (others)
  A fungus (D:3)
1 creature vanquished.

Grand Total: 125 creatures vanquished

Notes
Turn   | Place    | Note
-------+----------+-------------------------------------------
     0 | D:1      | Gamora the Draconian Transmuter began the quest for the Orb.
     0 | D:1      | Reached XP level 1. HP: 16/16 MP: 3/3
   340 | D:1      | Reached XP level 2. HP: 21/23 MP: 5/5
   928 | D:2      | Reached XP level 3. HP: 23/28 MP: 3/6
  1150 | D:2      | Noticed Robin
  1166 | D:2      | HP: 1/28 [goblin[Robin] (4)]
  1186 | D:2      | Killed Robin
  1190 | D:2      | Reached XP level 4. HP: 26/35 MP: 7/7
  1629 | D:2      | Found a faded altar of an unknown god.
  2360 | D:2      | Found a shimmering altar of Xom.
  2487 | D:3      | Noticed Ijyb
  2524 | D:3      | Killed Ijyb
  2524 | D:3      | Reached XP level 5. HP: 22/40 MP: 6/8
  2708 | D:3      | Noticed Raykoid666's ghost (amateur DsWn)
  2892 | D:3      | Learned a level 3 spell: Spider Form
  3113 | D:4      | Reached skill level 5 in Unarmed Combat
  3327 | D:5      | Entered Level 5 of the Dungeon
  3783 | D:5      | Noticed an ogre
  3790 | D:5      | Noticed a phantom
  3957 | D:5      | Killed a phantom
  3957 | D:5      | Reached skill level 5 in Transmutations
  3957 | D:5      | Reached XP level 6. HP: 29/47 MP: 7/9
  4475 | D:3      | Noticed Natasha
  4485 | D:3      | Killed Natasha
  4582 | D:3      | Noticed Purgy
  4594 | D:3      | Killed Purgy
  4594 | D:3      | Your scales start taking on a rich purple colour.
  4594 | D:3      | Reached XP level 7. HP: 38/52 MP: 10/10
  4805 | D:3      | Noticed Natasha
  4810 | D:3      | Killed Natasha
  4906 | D:3      | Noticed Natasha
  4915 | D:3      | Killed Natasha
  5311 | D:3      | Found a runed door.
  5316 | D:3      | Noticed Crazy Yiuf
  5324 | D:3      | Killed Crazy Yiuf
  5585 | D:4      | Found a staircase to the Ecumenical Temple.
  5594 | Temple   | Entered the Ecumenical Temple
  5647 | Temple   | Became a worshipper of Hepliaklqana the Forgotten
  6382 | D:5      | Found a sacrificial altar of Ru.
  6382 | D:5      | Found a shadowy altar of Dithmenos.
  6382 | D:5      | Found a sparkling altar of Nemelex Xobeh.
  6457 | D:6      | Slain by a wyvern zombie

Vault maps used:
D:1:      scummos_arrival_hexagon
D:2:      marbit_many_paths, ecumenical_altar_1, uniq_robin
D:3:      uniq_purgy, uniq_natasha, uniq_iyjb, uniq_crazy_yiuf_cottage
D:5:      gammafunk_temple_overflow_forgotten, first_bread
D:6:      kennysheep_generic_room_5
Temple:   cyrus_circular_temple

Skill      XL: |  1  2  3  4  5  6  7 |
---------------+----------------------+-----
Unarmed Combat | 4 5 6 |  6.7
Transmutations | 3 5 6 |  6.9
Fighting       | |  1.1
Dodging        | |  1.7
Spellcasting   | |  2.4

Action                   |  1- 3 |  4- 6 |  7- 9 || total
-------------------------+-------+-------+-------++-------
Melee: Unarmed           |    97 |   334 |   169 ||   600
       Kick              |     9 |    29 |     9 ||    47
       Tailslap          |    12 |    33 |    10 ||    55
       Punch             |     3 |     4 |     4 ||    11
       Headbutt          |     1 |    13 |     3 ||    17
 Cast: Beastly Appendage |     6 |    20 |     6 ||    32
       Spider Form       |       |       |     4 ||     4
  Use: Potion            |     3 |     1 |       ||     4
       Scroll            |       |    11 |     5 ||    16
 Stab: Sleeping          |     1 |     1 |       ||     2
       Distracted        |       |     1 |       ||     1
  Eat: Chunk             |     1 |    10 |     5 ||    16
       Fruit             |       |     2 |       ||     2
Armor: Skin              |    25 |   123 |    58 ||   206
Dodge: Dodged            |    66 |   175 |   111 ||   352
